Map: Vigília Leste LE

Players

IagoAbreu - Winner!

  • Race: Terran Terran
  • League: Silver
  • Spawn Location: 7:00

Abeascorpus

  • Race: Protoss Protoss
  • League: Silver
  • Spawn Location: 1:00

VOD

Have the link to the VOD?

Description

Time

  • Played on: March 1, 2018, 10:59 a.m.
  • Length: 9:30
Show
View Real Time Build Order
Export as new Build Order

IagoAbreu Terran - Winner!

Build Orders:  

Get SALT Encoding   

  12  0:11  Supply Depot  
  12  0:13  SCV  
  13  0:24  Supply Depot  
  13  0:30  SCV  
  14  0:42  Barracks  
  14  0:48  SCV  
  15  0:57  Refinery  
  15  1:00  SCV  
  16  1:05  Refinery  
  16  1:12  SCV  
  17  1:30  SCV  
  17  1:31  Barracks  
  18  1:33  Marine  
  19  1:42  SCV  
  20  1:51  Marine  
  21  1:59  Barracks  
  21  2:02  SCV  
  22  2:09  Marine  
  22  2:14  SCV  
  24  2:19  Factory  
  24  2:24  Marine  
  24  2:27  Marine  
  26  2:42  Marine  
  27  2:45  Marine  
  27  2:50  Engineering Bay  
  28  2:51  Marine  
  29  3:00  Marine  
  29  3:03  Marine  
  31  3:09  Starport  
  31  3:11  Factory Tech Lab  
  31  3:22  Orbital Command  
  31  3:41  Supply Depot  
  31  3:55  Terran Infantry Weapons Level 1  
  31  4:02  Marine x3  
  34  4:09  Siege Tank  
  37  4:23  Starport Reactor  
  37  4:28  Barracks Reactor  
  37  4:37  Barracks Reactor  
  37  4:40  Barracks Reactor  
  37  4:52  Supply Depot  
  37  4:55  Supply Depot  
  37  4:56  Liberator x2  
  37  5:13  Siege Tank  
  46  5:20  Marine x5  
  51  5:22  Marine  
  52  5:45  Armory  
  52  5:52  Marine x3  
  52  5:55  Liberator  
  55  6:00  Marine x3  
  55  6:03  Supply Depot  
  58  6:07  Liberator  
  61  6:25  Marine x3  
  65  6:26  Marine, Supply Depot  
  65  6:28  Marine  
  65  6:32  Marine  
  60  7:27  Marine  
  60  7:28  Marine x5  
  66  7:33  Siege Tank  
  69  7:45  Marine x2  
  69  7:46  Marine x4  
Show
View Real Time Build Order
Export as new Build Order

Abeascorpus Protoss 

Build Orders:  

Get SALT Encoding   

  12  0:01  Probe (Chrono Boost)  
  13  0:11  Probe (Chrono Boost)  
  14  0:23  Pylon, Probe  
  15  0:32  Assimilator  
  15  0:43  Gateway  
  15  0:46  Probe  
  16  0:58  Gateway, Probe (Chrono Boost)  
  17  1:14  Probe (Chrono Boost)  
  17  1:15  Forge  
  18  1:33  Cybernetics Core  
  18  1:35  Zealot  
  20  1:51  Pylon, Assimilator  
  20  1:52  Zealot  
  22  2:00  Protoss Ground Weapons Level 1  
  22  2:04  Probe (Chrono Boost)  
  23  2:14  Probe (Chrono Boost)  
  24  2:21  Gateway, Zealot  
  26  2:29  Stalker  
  28  2:34  Probe  
  29  2:42  Warp Gate  
  29  3:01  Twilight Council  
  29  3:07  Stalker  
  31  3:19  Pylon  
  31  3:23  Pylon  
  31  3:36  Probe (Chrono Boost)  
  31  3:37  Stalker x2  
  36  3:57  Stalker  
  38  4:07  Pylon, Stalker x2  
  42  4:19  Probe (Chrono Boost)  
  43  4:49  Nexus  
  43  4:56  Gateway  
  43  4:59  Gateway  
  43  5:12  Photon Cannon  
  43  5:17  Photon Cannon  
  43  5:24  Protoss Ground Weapons Level 2  
  43  5:30  Charge  
  43  5:44  Photon Cannon  
  43  5:58  Probe (Chrono Boost)  
  43  6:04  Probe (Chrono Boost)  
  45  6:10  Photon Cannon  
  46  6:11  Probe (Chrono Boost)  
  46  6:16  Probe (Chrono Boost)  
  46  6:18  Pylon  
  47  6:23  Zealot  
  47  6:24  Zealot  
  51  6:27  Probe  
  52  6:39  Probe  
  53  6:44  Robotics Facility  
  53  6:51  Probe  
  54  7:03  Probe  
  55  7:19  Zealot x3  
  55  7:20  Zealot x2  
  64  7:36  Pylon  
  64  7:37  Pylon  
  64  7:40  Pylon  
  64  7:43  Pylon  
  64  7:45  Pylon  
  64  7:48  Pylon  
  22  8:56  Photon Cannon x2  
  22  8:57  Photon Cannon  
Tags
 
Add a new tag
Caveats
  • Supply blocks, unpowered buildings, or Contaminate may cause inaccurate times.
  • Supply counts are checked every 10 seconds.